 Dungeon Crawl Stone Soup version 0.27.1-16-g815e20cd7a (webtiles) character file.

Game seed: 15052295252219213430

216 Cykl0x the Skirmisher (level 5, -3/33 HPs)
             Began as a Gargoyle Fighter on Nov 21, 2021.
             Slain by Sigmund (7 damage)
             ... on level 3 of the Dungeon.
             The game lasted 00:06:18 (2962 turns).

Cykl0x the Skirmisher (Gargoyle Fighter)            Turns: 2962, Time: 00:06:18

Health: -3/33      AC: 14    Str: 18 (21) XL:     5   Next: 93%
Magic:  5/5        EV:  7    Int:  7 (8)  God:
Gold:   99         SH:  8    Dex:  6 (9)  Spells: 4/4 levels left

rFire    . . .     SeeInvis .   a - +1 long sword
rCold    . . .     Faith    .   c - +0 kite shield
rNeg     + . .     Spirit   .   b - +0 scale mail
rPois    ∞         Reflect  .   f - +0 helmet
rElec    +         Harm     .   (no cloak)
rCorr    +         Rampage  .   g - +0 pair of gloves "Idinyn" {rCorr}
Will     .....                  j - +0 pair of boots
Stlth    ..........             (no amulet)
HPRegen  0.11/turn              (no ring)
MPRegen  0.09/turn              (no ring)

@: mighty
A: sickness immunity, AC +4, negative energy resistance 1, electricity
resistance, torment resistance 1, petrification resistance
a: no special abilities


You were on level 3 of the Dungeon.
You visited 1 branch of the dungeon, and saw 3 of its levels.

You collected 99 gold pieces.

Inventory:

Hand Weapons
 a - a +1 long sword (weapon)
 o - a +1 dagger of venom
Missiles
 e - 34 stones (quivered)
Armour
 b - a +0 scale mail (worn)
 c - a +0 kite shield (worn)
 f - a +0 helmet (worn)
 g - the +0 pair of gloves "Idinyn" (worn) {rCorr}
   (You acquired it on level 2 of the Dungeon)

   rCorr:     It protects you from acid and corrosion.
 j - a +0 pair of boots (worn)
Jewellery
 h - a ring of ice
Scrolls
 i - a scroll of silence {unknown}
Potions
 d - a potion of might
 k - a potion of magic


   Skills:
 * Level 4.1 Fighting
 + Level 3.1 Long Blades
 * Level 1.8 Throwing
 + Level 3.8 Armour
 * Level 1.6 Dodging
 + Level 4.0 Shields


You had 4 spell levels left.
You didn't know any spells.
Your spell library was empty.

Dungeon Overview and Level Annotations

Branches:
Dungeon (3/15)

Altars:
Ru

Annotations:
D:3 4 runed translucent doors, Sigmund; Vivir's ghost, novice MiFi


Innate Abilities, Weirdness & Mutations

You are immune to sickness and miasma.
Your stone body is resilient. (AC +4)
You are immune to poison.
You resist negative energy. (rN+)
You are resistant to electric shocks. (rElec)
You are resistant to unholy torment.
You are immune to petrification.


Message History

You throw a poisoned dart. The poisoned dart hits Sigmund.
Sigmund looks even sicker.
Sigmund is lightly wounded.
You feel very mighty all of a sudden. Sigmund gestures at you while chanting.
You resist with some effort.
Sigmund hits you from afar with a +0 scythe!
You see here a poisoned dart.
You slash Sigmund!
Sigmund is heavily wounded.
Sigmund gestures at you while chanting.
You are confused.
Sigmund gestures at you while chanting.
You are more confused.
You hit Sigmund.
Sigmund is severely wounded.
Sigmund hits you with a +0 scythe.
You closely miss Sigmund.
Sigmund is almost dead.
Sigmund closely misses you. Sigmund completely misses you.
You closely miss Sigmund.
Sigmund is almost dead.
Sigmund barely misses you.
Sigmund looks more healthy.
Sigmund hits you from afar with a +0 scythe!
You're too confused to move!
You feel less confused. Sigmund gestures at you while chanting.
The magic dart hits you!
* * * LOW HITPOINT WARNING * * *
Sigmund gestures wildly while chanting.
Sigmund flickers and vanishes!
Deactivating autopickup; reactivate with Ctrl-A.
You hear some strange, mumbled words.
A magic dart appears from out of thin air!
The magic dart hits you.
* * * LOW HITPOINT WARNING * * *
You barely miss something. Something hits you!
You die...

############################
#............[..............#.
#...........................#.
#.........<...................
#............@................
#...###.>..({................
###...........(................
#..............................
#.#......#...##.(..............
.........#...#.................
.#.#....#.###....(............
#......+.#.......)...........
.####.##...###..........#####....


There were no monsters in sight!

Vanquished Creatures
  A howler monkey (D:3)
  A gnoll shaman (D:3)
  An orc wizard (D:2)
  5 gnolls
  An adder (D:2)
  2 worms (D:2)
  2 dart slugs
  4 orcs
  4 ball pythons
  2 bats
  5 endoplasms
  A giant cockroach (D:2)
  5 goblins
  6 hobgoblins
  5 jackals
  5 quokkas
  A frilled lizard (D:1)
  2 kobolds
  3 rats
56 creatures vanquished.

Notes
Turn   | Place    | Note
-------+----------+-------------------------------------------
     0 | D:1      | Cykl0x the Gargoyle Fighter began the quest for the Orb.
     0 | D:1      | Reached XP level 1. HP: 14/14 MP: 1/1
   252 | D:1      | Reached XP level 2. HP: 19/19 MP: 2/2
   497 | D:1      | Found a faded altar of an unknown god.
  1327 | D:2      | Reached XP level 3. HP: 23/23 MP: 3/3
  1807 | D:2      | Identified a scroll of acquirement
  1807 | D:2      | Acquired the +0 pair of gloves "Idinyn" {rCorr}
  1843 | D:3      | Reached skill level 1 in Dodging
  1896 | D:3      | Reached skill level 1 in Throwing
  1896 | D:3      | Reached XP level 4. HP: 27/29 MP: 4/4
  1992 | D:3      | Found a runed translucent door.
  2197 | D:3      | Found a runed translucent door.
  2201 | D:3      | Noticed a bullfrog
  2201 | D:3      | Noticed Vivir's ghost (novice MiFi)
  2303 | D:3      | Reached XP level 5. HP: 33/33 MP: 5/5
  2631 | D:3      | Found a large runed translucent door.
  2631 | D:3      | Found a large runed translucent door.
  2650 | D:3      | Found a sacrificial altar of Ru.
  2724 | D:3      | Noticed Sigmund
  2962 | D:3      | Slain by Sigmund

Illustrated notes

Levels and vault maps discovered:
D:1:      dpeg_arrival_boxorama, layout_basic,
          dreamdust_ecumenical_altar_statues
D:2:      minmay_chambers_of_twos, layout_basic
D:3:      due_chaos_kobolds, layout_basic, mainiacjoe_overflow_brackets,
          ebering_ghost_inner_flame, columned_hall_lemuel,
          uniq_crazy_yiuf_cottage, uniq_sigmund

Skill      XL: |  1  2  3  4  5 |
---------------+----------------+-----
Long Blades    | 2 3 |  3.1
Dodging        | 1 |  1.6
Throwing       | 1 |  1.8
Fighting       | 4 |  4.1
Shields        | 4 |  4.0
Armour         | |  3.8

Action                   |  1- 3 |  4- 6 || total
-------------------------+-------+-------++-------
Melee: Long sword        |   131 |    84 ||   215
Throw: Stone             |    45 |    28 ||    73
       Dart              |       |    13 ||    13
  Use: Scroll            |     5 |       ||     5
       Potion            |       |     3 ||     3
Armor: Scale mail        |    79 |    74 ||   153
Dodge: Dodged            |    53 |    41 ||    94
Block: Kite shield       |    82 |    53 ||   135
       Rpst.: Long sword |    16 |    11 ||    27
